 Dungeon Crawl Stone Soup version 0.26-a0-971-g1d9d62bb61 (webtiles) character file.

Game seed: 18046421833637666466

3651 FacelessVoid the Thaumaturge (level 9, 0/45 HPs)
             Began as a Deep Elf Fire Elementalist on Dec 4, 2020.
             Was a Follower of Vehumet.
             Slain by a hound (4 damage)
             ... on level 9 of the Dungeon.
             The game lasted 00:51:25 (11111 turns).

FacelessVoid the Thaumaturge (DEFE)                Turns: 11111, Time: 00:51:26

Health: 0/45       AC:  5    Str:  8      XL:     9   Next: 88%
Magic:  19/35      EV: 15    Int: 21      God:    Vehumet [*.....]
Gold:   364        SH:  0    Dex: 14 (15) Spells: 13/30 levels left

rFire    . . .     SeeInvis .   C - +3 spear (venom)
rCold    . . .     Faith    .   (no shield)
rNeg     . . .     Spirit   .   a - +0 robe
rPois    .         Reflect  .   (no helmet)
rElec    .         Harm     .   B - +0 cloak
rCorr    .         Rampage  .   o - +1 pair of gloves
MR       .....                  (no boots)
Stlth    ++........             (no amulet)
HPRegen  0.15/turn              g - ring of flight
MPRegen  0.24/turn              w - ring of magical power

@: no status effects
A: no striking features
a: Renounce Religion, Evoke Flight


You were on level 9 of the Dungeon.
You worshipped Vehumet.
Vehumet was aware of your devotion.
You visited 2 branches of the dungeon, and saw 10 of its levels.

You collected 364 gold pieces.

Inventory:

Hand Weapons
 e - a +0 dagger
 x - a +1 long sword of flaming
 z - a +2 long sword of electrocution
 C - a +3 spear of venom (weapon)
Missiles
 t - 152 stones (quivered)
Armour
 a - a +0 robe (worn)
 k - a scarf of shadows
 o - a +1 pair of gloves (worn)
 B - a +0 cloak (worn)
Jewellery
 g - a ring of flight (left hand)
 w - a ring of magical power (right hand)
Wands
 u - a wand of flame (21)
 y - a wand of iceblast (9)
 A - a wand of polymorph (8)
Scrolls
 b - 2 scrolls of identify
 c - 2 scrolls of random uselessness {unknown}
 d - 2 scrolls of magic mapping
 h - a scroll of noise {unknown}
 j - 2 scrolls of enchant weapon {unknown}
 l - 2 scrolls of fear {unknown}
 r - a scroll of amnesia {unknown}
 s - a scroll of immolation {unknown}
 D - a scroll of holy word {unknown}
Potions
 f - 5 potions of flight
 i - 5 potions of curing
 n - 2 potions of lignification
 p - 2 potions of brilliance {unknown}
 q - 2 potions of haste {unknown}
 v - a potion of heal wounds {unknown}


   Skills:
 + Level 0.1 Fighting
 - Level 1.0 Long Blades
 + Level 0.3(0.4) Axes
 + Level 0.1(0.2) Maces & Flails
 + Level 0.2(0.3) Staves
 + Level 0.1(0.2) Slings
 + Level 0.7 Bows
 + Level 0.4 Crossbows
 + Level 0.2(0.3) Throwing
 - Level 5.0 Dodging
 - Level 2.4 Stealth
 + Level 0.1 Shields
 - Level 11.1 Spellcasting
 - Level 7.9 Conjurations
 + Level 0.3 Summonings
 + Level 0.4 Necromancy
 + Level 0.2 Transmutations
 - Level 8.9 Fire Magic
 + Level 0.6 Ice Magic
 + Level 0.2 Air Magic
 + Level 0.2 Earth Magic
 + Level 0.2 Poison Magic
 + Level 0.4 Invocations


You had 13 spell levels left.
You knew the following spells:

 Your Spells              Type           Power        Failure   Level
a - Foxfire               Conj/Fire      ####         1%          1
b - Conjure Flame         Conj/Fire      #####...     1%          3
c - Inner Flame           Hex/Fire       ####....     2%          3
d - Sticky Flame          Conj/Fire      #####...     1%          4
e - Fireball              Conj/Fire      #####.....   4%          5
f - Apportation           Tloc           ##....       6%          1

Your spell library contained the following spells:

 Spells                   Type           Power        Failure   Level
 Freeze                   Ice            ##..         4%          1
 Magic Dart               Conj           ####         1%          1
 Searing Ray              Conj           #####.       1%          2
 Dazzling Flash           Conj/Hex       ####..       3%          3
 Animate Skeleton         Necr           ##....       4%          1
 Summon Small Mammal      Summ           ##..         4%          1
 Corona                   Hex            ##.....      6%          1
 Fulminant Prism          Conj/Hex       ####......   12%         4
 Iskenderun's Mystic Bla  Conj/Tloc      ####....     12%         4


Dungeon Overview and Level Annotations

Branches:
Dungeon (9/15)             Temple (1/1) D:6            Lair (0/6) D:8
    Orc: D:9-12

Altars:
Ashenzari
Cheibriados
Dithmenos
Elyvilon
Fedhas
Gozag
Hepliaklqana
Kikubaaqudgha
Makhleb
Nemelex Xobeh
Okawaru
Qazlal
Sif Muna
Trog
Uskayaw
Vehumet
Wu Jian
Xom
Yredelemnul
Zin
The Shining One

Annotations:
D:4 Dowan, Duvessa
D:8 Joseph, Psyche
D:9 exclusion: upstairs


Message History

The hound barely misses you.
The orc priest casts a cantrip, but nothing happens.
The hound completely misses you.
Casting: Foxfire (safe; 1% risk of failure)
Confirm with . or Enter, or press ? or * to list all spells.
Aiming: Sticky Flame (dangerous; 1% risk of failure)
Press: ? - help, Shift-Dir - straight line, f - hound
Aim: a hound (0% to evade)
The sticky flame hits the hound.
The hound is moderately wounded.
The hound is covered in liquid flames!
You hear a shout!
The hound burns!
The hound bites you but does no damage.
You hear a shout!
The hound burns!
The hound bites you.
* * * LOW HITPOINT WARNING * * *
The hound burns!
The hound burns!
The hound stops burning.
The hound barely misses you. The hound bites you.
You die...

#...............##
#....#.[.......##
#..........<###
##.............##
####...............#
##.................####
......>#...###........##
.......#..## #....#....#
...........###..@##....#
..#....###..##...h5...##
.####.## #.........o.## .#
#......###........# .##
.......##.......#o##
..#.....#......##...#..###
..#.....##..#..###.##..#.##
...........##.............##
..#.... ...
##.....##......##


You could see an orc warrior, a hound, an orc and an ufetubus.

Vanquished Creatures
  A komodo dragon (D:7)
  A troll (D:9)
  A steam dragon (D:7)
  A black bear (D:6)
  An orc warrior (D:9)
  3 sky beasts
  4 ogres
  A necrophage (D:7)
  4 bullfrogs
  A gnoll sergeant (D:8)
  A scorpion (D:4)
  9 killer bees (D:7)
  4 electric eels (D:7)
  A quasit (D:9)
  4 orc wizards
  Crazy Yiuf (D:7)
  A bullfrog skeleton (D:3)
  An orc priest (D:5)
  8 hounds
  A centaur skeleton (D:9)
  Jessica (D:3)
  3 iguanas
  8 worker ants
  Natasha (D:2)
  Robin (D:2)
  18 adders
  11 gnolls
  6 white imps
  2 ufetubi
  2 oozes (D:3)
  An adder zombie (D:8)
  An adder skeleton (D:7)
  3 worms
  3 dart slugs
  8 leopard geckos
  12 orcs
  A ball python (D:3)
  7 giant cockroaches
  19 goblins
  6 hobgoblins
  12 jackals
  9 kobolds
  2 quokkas
  8 bats
  7 frilled lizards
  A jackal skeleton (D:5)
  A jackal zombie (D:5)
  5 rats
208 creatures vanquished.

Vanquished Creatures (collateral kills)
  A foxfire (D:2)
1 creature vanquished.

Vanquished Creatures (others)
  722 foxfires
  9 plants (D:7)
731 creatures vanquished.

Grand Total: 940 creatures vanquished

Notes
Turn   | Place    | Note
-------+----------+-------------------------------------------
     0 | D:1      | FacelessVoid the Deep Elf Fire Elementalist began the quest
                  | for the Orb.
     0 | D:1      | Reached XP level 1. HP: 10/10 MP: 6/6
   386 | D:1      | Reached XP level 2. HP: 11/15 MP: 6/8
   973 | D:2      | Reached XP level 3. HP: 19/19 MP: 6/10
  1057 | D:2      | Reached skill level 4 in Spellcasting
  1329 | D:2      | Reached XP level 4. HP: 24/24 MP: 10/12
  1522 | D:2      | Noticed Robin
  1536 | D:2      | Killed Robin
  1690 | D:2      | Found a glowing golden altar of the Shining One.
  1798 | D:2      | Noticed Natasha
  2055 | D:2      | Killed Natasha
  2056 | D:2      | Reached skill level 5 in Spellcasting
  2056 | D:2      | Reached XP level 5. HP: 19/28 MP: 10/14
  2226 | D:2      | Learned a level 3 spell: Conjure Flame
  2230 | D:2      | Learned a level 3 spell: Inner Flame
  2235 | D:2      | Learned a level 4 spell: Sticky Flame
  2565 | D:3      | Reached skill level 5 in Fire Magic
  2874 | D:3      | Reached XP level 6. HP: 32/32 MP: 13/16
  2938 | D:3      | Noticed Jessica
  2943 | D:3      | Killed Jessica
  3099 | D:3      | Found an opulent altar of Gozag.
  3100 | D:3      | Found a burning altar of Makhleb.
  3347 | D:4      | Reached skill level 6 in Spellcasting
  3611 | D:4      | Noticed Duvessa
  3611 | D:4      | Noticed Dowan
  3845 | D:4      | Learned a level 5 spell: Fireball
  3970 | D:4      | Reached XP level 7. HP: 36/36 MP: 14/19
  4245 | D:4      | Reached skill level 7 in Spellcasting
  4284 | D:4      | Found a shadowy altar of Dithmenos.
  4843 | D:5      | Entered Level 5 of the Dungeon
  5054 | D:5      | Found a basalt altar of Yredelemnul.
  5056 | D:5      | Found a blossoming altar of Fedhas.
  5350 | D:5      | Reached skill level 5 in Conjurations
  5522 | D:5      | Reached skill level 8 in Spellcasting
  5522 | D:5      | Reached XP level 8. HP: 37/41 MP: 4/22
  6842 | D:6      | Reached skill level 9 in Spellcasting
  6948 | D:6      | Found a staircase to the Ecumenical Temple.
  6953 | Temple   | Entered the Ecumenical Temple
  7114 | Temple   | Became a worshipper of Vehumet
  7401 | D:8      | Found a staircase to the Lair.
  7402 | D:8      | Noticed Joseph
  8783 | D:7      | Reached skill level 10 in Spellcasting
  8783 | D:7      | Reached XP level 9. HP: 45/45 MP: 22/25
  8989 | D:7      | Reached skill level 1 in Long Blades
  9143 | D:7      | Learned a level 1 spell: Apportation
  9449 | D:7      | Reached * piety under Vehumet
  9449 | D:7      | Offered knowledge of Freeze by Vehumet.
  9745 | D:7      | Noticed a komodo dragon
 10057 | D:7      | Killed a komodo dragon
 10141 | D:7      | Found a runed translucent door.
 10142 | D:7      | Noticed Crazy Yiuf
 10156 | D:7      | Killed Crazy Yiuf
 10477 | D:8      | Reached skill level 11 in Spellcasting
 10611 | D:9      | Noticed a troll
 10626 | D:9      | Killed a troll
 10736 | D:9      | Reached skill level 5 in Dodging
 10807 | D:8      | Noticed Psyche
 11111 | D:9      | Slain by a hound

Illustrated notes

Levels and vault maps discovered:
D:1:      tarquinn_simple_flora_water_a, layout_basic, minivault_25
D:2:      minmay_door_path, layout_basic, tso_metal_star, uniq_natasha,
          uniq_robin
D:3:      corexii_shack_village, layout_rooms, gammafunk_temple_overflow_pools,
          minmay_misc_feat_iff, minmay_misc_feat_five, supply_closet_lemuel,
          uniq_jessica
D:4:      layout_loops_ring, grunt_dithmenos_smoke, uniq_duvessa
D:5:      layout_loops_corners, chequers_temple_overflow_statue_of_worship,
          minivault_27
D:6:      layout_basic, temple_doors_ab
D:7:      layout_loops_ring, minivault_14, minmay_lizard_king,
          uniq_crazy_yiuf_cottage
D:8:      layout_basic, lair_entry_dummy, uniq_joseph, uniq_psyche
D:9:      layout_cave_pools, kennysheep_mini_moat, serial_glass,
          glass_columns_a, glass_columns_a, hangedman_minor_magic
Temple:   bh_familiar_temple

Skill      XL: |  1  2  3  4  5  6  7  8  9 |
---------------+----------------------------+-----
Fire Magic     | 4 5 6 8 |  8.9
Spellcasting   | 4 5 6 8 10 11 | 11.1
Conjurations   | 2 3 4 5 6 7 |  7.9
Long Blades    | 1 |  1.0
Dodging        | 5 |  5.0
Fighting       | |  0.1
Axes           | |  0.3
Maces & Flails | |  0.1
Staves         | |  0.2
Slings         | |  0.1
Bows           | |  0.7
Crossbows      | |  0.4
Throwing       | |  0.2
Stealth        | |  2.4
Shields        | |  0.1
Summonings     | |  0.3
Necromancy     | |  0.4
Transmutations | |  0.2
Ice Magic      | |  0.6
Air Magic      | |  0.2
Earth Magic    | |  0.2
Poison Magic   | |  0.2
Invocations    | |  0.4

Action                   |  1- 3 |  4- 6 |  7- 9 || total
-------------------------+-------+-------+-------++-------
Melee: Unarmed           |     1 |       |       ||     1
       Dagger            |       |     1 |     4 ||     5
       Spear             |       |       |     4 ||     4
       Long sword        |       |       |     1 ||     1
 Cast: Foxfire           |    50 |   142 |   264 ||   456
       Conjure Flame     |       |       |    23 ||    23
       Sticky Flame      |       |       |    21 ||    21
       Fireball          |       |       |    11 ||    11
       Inner Flame       |       |       |     2 ||     2
  Use: Scroll            |       |       |    11 ||    11
 Stab: Sleeping          |       |     1 |       ||     1
Armor: Robe              |     8 |     7 |    20 ||    35
Dodge: Dodged            |    14 |    15 |    67 ||    96
       Rpst.: Long sword |       |       |    10 ||    10

Table legend: (Time is in decaauts)
 A = Elapsed time spent in this place.
 B = Non-inter-level travel time spent in this place.
 C = Inter-level travel time spent in this place.
 D = Time resting spent in this place.
 E = Time spent auto-exploring this place.
 F = Levels seen in this place.
 G = Mean time per level.
                   A        B        C        D        E       F      G
               +--------+--------+--------+--------+--------+-----+--------+
         Total |  11140 |  10789 |    351 |   4190 |   4398 |  10 | 1114.0 |
       Dungeon |  10957 |  10628 |    329 |   4190 |   4241 |   9 | 1217.4 |
        Temple |    183 |    161 |     22 |      0 |    157 |   1 |  183.0 |
               +--------+--------+--------+--------+--------+-----+--------+

Top non-repeatable levels by time:
     D:6: 1905 daAuts
     D:7: 1868 daAuts
     D:4: 1438 daAuts
     D:2: 1396 daAuts
     D:5: 1229 daAuts
     D:1: 1161 daAuts
     D:3: 866 daAuts
     D:8: 567 daAuts
     D:9: 524 daAuts
  Temple: 183 daAuts
